 Dungeon Crawl Stone Soup version 0.30-a0-160-gcfceee88d3 (webtiles) character file.

Game seed: 14458009102107766506

1185 qw the Chopper (level 8, -3/49 HPs)
             Began as a Gargoyle Fighter on Sept 27, 2022.
             Was an Initiate of Okawaru.
             Slain by Duvessa
             ... wielding a +0 short sword
              (9 damage)
             ... on level 5 of the Dungeon.
             The game lasted 00:01:48 (5315 turns).

qw the Chopper (Gargoyle Fighter)                   Turns: 5315, Time: 00:01:48

Health: -3/49      AC: 19    Str: 21    XL:     8   Next: 42%
Magic:  8/8        EV:  6    Int: 10    God:    Okawaru [......]
Gold:   245        SH:  4    Dex:  9    Spells: 7/7 levels left

rFire   . . .      SeeInvis .    Y - +1 war axe
rCold   . . .      Faith    .    c - +0 buckler
rNeg    + . .      Spirit   .    a - +0 plate armour
rPois   inf        Reflect  .    e - +1 helmet
rElec   +          Harm     .    (no cloak)
rCorr   .          Rampage  .    (no gloves)
Will    .....                    (no boots)
Stlth   ..........               (no amulet)
HPRegen 0.16/turn                (no ring)
MPRegen 0.11/turn                (no ring)

@: no status effects
A: sickness immunity, AC +5, negative energy resistance 1, electricity
resistance, torment resistance 1, petrification resistance, MP-powered wands
a: Renounce Religion


You were on level 5 of the Dungeon.
You worshipped Okawaru.
Okawaru was noncommittal.
You visited 2 branches of the dungeon, and saw 6 of its levels.

You collected 245 gold pieces.


Innate Abilities, Weirdness & Mutations

You are immune to sickness and miasma.
Your stone body is resilient. (AC +5)
You are immune to poison.
You resist negative energy. (rN+)
You are resistant to electric shocks. (rElec)
You are resistant to unholy torment.
You are immune to petrification.
You expend magic power (3 MP) to strengthen your wands.


   Skills:
 - Level 5.1 Fighting
 + Level 7.4 Axes
 - Level 1.8 Throwing
 - Level 4.7 Armour
 - Level 1.5 Dodging
 - Level 3.2 Shields


You had 7 spell levels left.
You didn't know any spells.
Your spell library was empty.

Inventory:

Hand Weapons
 h - a +0 flail
 Y - a +1 war axe (weapon)
Armour
 a - a +0 plate armour (worn)
 c - a +0 buckler (worn)
 e - a +1 helmet (worn)
 j - a scarf of invisibility
Scrolls
 m - a scroll of identify
Potions
 b - a potion of degeneration {unknown}
 d - a potion of might
 f - 2 potions of mutation
 g - a potion of attraction
 i - a potion of magic {unknown}
 k - a potion of lignification
 l - a potion of resistance {unknown}

Dungeon Overview and Level Annotations

Branches:
Dungeon (5/15)             Temple (1/1) D:5

Altars:
Cheibriados
Dithmenos
Elyvilon
Fedhas
Gozag
Kikubaaqudgha
Okawaru
Ru
Wu Jian
Xom
Yredelemnul
Zin
The Shining One

Annotations:
D:5 Duvessa


Message History

Throw: boomerang
Press: ? - help, Q - select action Shift-Dir - straight line, f - Duvessa You throw a boomerang.
The boomerang closely misses Duvessa.
Throw: boomerang
Press: ? - help, Q - select action Shift-Dir - straight line, f/p - Duvessa You throw a boomerang.
The boomerang barely misses Duvessa.
You hit Duvessa.
Duvessa is lightly wounded.
Duvessa hits you but does no damage. Duvessa closely misses you.
You barely miss Duvessa.
Duvessa is lightly wounded.
Duvessa hits you with a +0 short sword. Duvessa hits you but does no damage.
You hit Duvessa but do no damage.
Duvessa is lightly wounded.
Duvessa hits you with a +0 short sword! Duvessa barely misses you.
You slash Duvessa!
Duvessa is moderately wounded.
Duvessa hits you with a +0 short sword! Duvessa hits you but does no damage.
You hit Duvessa.
Duvessa is moderately wounded.
Duvessa hits you but does no damage.
You slash Duvessa!
Duvessa is heavily wounded.
Duvessa hits you but does no damage. x2
You hit Duvessa but do no damage.
Duvessa is heavily wounded.
Duvessa hits you but does no damage. Duvessa hits you with a +0 short sword.
You hit Duvessa.
Duvessa is severely wounded.
Duvessa hits you but does no damage.
You hit Duvessa but do no damage.
Duvessa is severely wounded.
Duvessa hits you with a +0 short sword. Duvessa hits you but does no damage.
You hit Duvessa but do no damage.
Duvessa is heavily wounded.
Duvessa hits you with a +0 short sword. x2
You slash Duvessa!
Duvessa is severely wounded.
Duvessa hits you with a +0 short sword!
You die...

.................###...........##
..................####...........
..>............<.......##........
.....###.........#.....####......
.....# #......#..##....####....#.
....(#####....##........##....##.
......#####...#......#........%..
........##.[....###..#........%..
.........[[..).e@##..........##..
...............#'#...........##..
...........#####.#####......####.
#...<.....## ... ##......###.
(.......### ### ###.....##.
##.)....# #.....### #.......###
#....#### ..#....##.##
####....###. ......###..####
####.......#...


You could see Duvessa (berserk).

Vanquished Creatures
  A black bear (D:4)
  An ice beast (D:5)
  2 ogres
  A centaur (D:5)
  A phantom (D:5)
  A necrophage (D:5)
  4 scorpions
  Dowan (D:5)
  3 hounds (D:5)
  An iguana (D:5)
  2 orc wizards
  3 gnolls (D:3)
  7 adders
  2 worms
  A dart slug (D:3)
  10 orcs
  7 endoplasms
  4 giant cockroaches (D:1)
  7 goblins
  11 hobgoblins
  6 jackals (D:4)
  5 kobolds
  4 quokkas
  4 ball pythons (D:1)
  6 bats
  7 rats
102 creatures vanquished.

Vanquished Creatures (others)
  9 plants (D:4)
  A withered plant (D:4)
10 creatures vanquished.

Grand Total: 112 creatures vanquished

Notes
Turn   | Place    | Note
-------+----------+-------------------------------------------
     0 | D:1      | qw the Gargoyle Fighter began the quest for the Orb.
     0 | D:1      | Reached XP level 1. HP: 14/14 MP: 1/1
     0 | D:1      | 0 ||| qw: Version: 0.2-a-10-g37ed214
     0 | D:1      | 0 ||| qw: Game counter: 619
     0 | D:1      | 0 ||| qw: Always use a shield: true
     0 | D:1      | 0 ||| qw: God list: Okawaru
     0 | D:1      | 0 ||| qw: Allow faded altars: false
     0 | D:1      | 0 ||| qw: Do Orc after D:15 true
     0 | D:1      | 0 ||| qw: Do second Lair branch before Depths: true
     0 | D:1      | 0 ||| qw: Lair rune preference: random
     0 | D:1      | 0 ||| qw: Plans: Normal, Zot:1-4, God:TSO, Crypt, Tomb,
                  | Pan, Slime:5, Hells, Abyss, Orb
     0 | D:1      | 0 ||| PLANNING D:1-11
   106 | D:1      | Reached skill level 2 in Axes
   248 | D:1      | Reached XP level 2. HP: 12/19 MP: 2/2
   450 | D:1      | 450 ||| Stepping ~*~*~tactically~*~*~ (stealth).
   721 | D:1      | 721 ||| Stepping ~*~*~tactically~*~*~ (stealth).
   743 | D:1      | Reached skill level 3 in Axes
   756 | D:1      | 756 ||| Stepping ~*~*~tactically~*~*~ (stealth).
   775 | D:1      | 775 ||| DROPPING +0 club.
   816 | D:1      | 816 ||| Stepping ~*~*~tactically~*~*~ (stealth).
   819 | D:1      | HP: 4/19 [frozen (5)]
   821 | D:1      | Reached XP level 3. HP: 4/23 MP: 3/3
  1433 | D:1      | 1433 ||| READING scroll labelled KIR BOINOCEADD.
  1434 | D:1      | 1434 ||| READING scroll labelled GITTANOQAY.
  1435 | D:1      | 1435 ||| DRINKING 2 lumpy orange potions.
  1435 | D:1      | Gained mutation: You expend magic power (3 MP) to
                  | strengthen your wands. [potion of mutation]
  1485 | D:2      | Found a glowing golden altar of the Shining One.
  1489 | D:2      | Identified the +4 leather armour of the Apothecary {rElec}
  1536 | D:2      | 1536 ||| DROPPING +0 vorpal hand axe.
  1595 | D:2      | Found a faded altar of an unknown god.
  1651 | D:2      | Identified the +9 sling of the Key {venom, Fragile Will+
                  | Int+3 Dex+2}
  1769 | D:2      | 1769 ||| UPGRADING to +0 plate armour.
  1779 | D:2      | 1779 ||| DROPPING +0 scale mail.
  1780 | D:2      | 1780 ||| READING scroll labelled SIRGHO AGAPRO.
  1781 | D:2      | 1781 ||| READING 4 scrolls labelled OTIUHA GOMAAN.
  1782 | D:2      | 1782 ||| READING scroll labelled RYTIUSY COANAK.
  1783 | D:2      | 1783 ||| READING 3 scrolls of identify.
  1783 | D:2      | 1783 ||| IDENTIFYING lumpy brown potion
  1784 | D:2      | 1784 ||| READING 2 scrolls of identify.
  1784 | D:2      | 1784 ||| IDENTIFYING murky orange potion
  1785 | D:2      | 1785 ||| DROPPING potion of flight.
  1845 | D:3      | 1845 ||| Stepping ~*~*~tactically~*~*~ (stealth).
  1846 | D:3      | 1846 ||| Stepping ~*~*~tactically~*~*~ (stealth).
  1849 | D:3      | 1849 ||| Stepping ~*~*~tactically~*~*~ (stealth).
  1858 | D:3      | Reached XP level 4. HP: 28/28 MP: 4/4
  1952 | D:3      | Noticed an ogre
  1959 | D:3      | Killed an ogre
  1960 | D:3      | Reached skill level 4 in Axes
  1960 | D:3      | Reached XP level 5. HP: 27/32 MP: 5/5
  1967 | D:3      | Reached skill level 5 in Axes
  2042 | D:3      | 2042 ||| DROPPING +0 whip.
  2199 | D:3      | 2199 ||| Stepping ~*~*~tactically~*~*~ (stealth).
  2201 | D:3      | 2201 ||| Stepping ~*~*~tactically~*~*~ (hiding).
  2281 | D:3      | 2281 ||| Stepping ~*~*~tactically~*~*~ (stealth).
  2283 | D:3      | 2283 ||| Stepping ~*~*~tactically~*~*~ (stealth).
  2421 | D:3      | Reached XP level 6. HP: 33/38 MP: 6/6
  2823 | D:3      | 2823 ||| UPGRADING to +1 helmet.
  2828 | D:3      | 2828 ||| READING scroll labelled ZAUGAG FESO.
  2929 | D:3      | 2929 ||| READING 2 scrolls of identify.
  2929 | D:3      | 2929 ||| IDENTIFYING viscous purple potion
  2930 | D:3      | 2930 ||| DROPPING potion of berserk rage.
  2954 | D:4      | 2954 ||| PLANNING OSSUARY
  2962 | D:4      | Noticed a black bear
  2978 | D:4      | HP: 7/38 [black bear (8)]
  2979 | D:4      | Killed a black bear
  3033 | D:4      | 3033 ||| FLEEEEING.
  3034 | D:4      | 3034 ||| FLEEEEING.
  3035 | D:4      | 3035 ||| FLEEEEING.
  3037 | D:4      | 3037 ||| FLEEEEING.
  3038 | D:4      | 3038 ||| FLEEEEING.
  3039 | D:4      | 3039 ||| FLEEEEING.
  3040 | D:4      | 3040 ||| STAIRDANCE
  3230 | D:3      | 3230 ||| DRINKING 2 murky brown potions.
  3311 | D:4      | Reached skill level 6 in Axes
  3535 | D:4      | 3535 ||| Stepping ~*~*~tactically~*~*~ (stealth).
  3588 | D:4      | Found an ancient bone altar of Kikubaaqudgha.
  3657 | D:4      | Found a sand-covered staircase.
  3658 | D:4      | 3658 ||| READING scroll labelled IPNYNLAYTI.
  3704 | D:4      | 3704 ||| RIP OSSUARY
  3710 | D:4      | 3710 ||| PLANNING D:1-11
  3791 | D:4      | 3791 ||| Stepping ~*~*~tactically~*~*~ (stealth).
  4403 | D:5      | Entered Level 5 of the Dungeon
  4408 | D:5      | 4408 ||| STAIRDANCE
  4414 | D:4      | Reached XP level 7. HP: 35/43 MP: 7/7
  4491 | D:5      | 4491 ||| Stepping ~*~*~tactically~*~*~ (stealth).
  4519 | D:5      | Reached skill level 7 in Axes
  4562 | D:5      | Noticed Dowan
  4563 | D:5      | 4563 ||| Stepping ~*~*~tactically~*~*~ (hiding).
  4575 | D:5      | Killed Dowan
  4597 | D:5      | Found a staircase to the Ecumenical Temple.
  4598 | D:5      | 4598 ||| PLANNING TEMPLE
  4607 | Temple   | Entered the Ecumenical Temple
  4629 | Temple   | 4629 ||| PLANNING OKAWARU WORSHIP
  4823 | Temple   | Became a worshipper of Warmaster Okawaru
  4824 | Temple   | 4824 ||| PLANNING D:1-11
  4864 | D:5      | Reached XP level 8. HP: 47/49 MP: 8/8
  5025 | D:5      | Reached skill level 1 in Dodging
  5078 | D:5      | 5078 ||| Stepping ~*~*~tactically~*~*~ (stealth).
  5089 | D:5      | Reached skill level 1 in Throwing
  5298 | D:5      | Noticed Duvessa
  5299 | D:5      | 5299 ||| Stepping ~*~*~tactically~*~*~ (stealth).
  5314 | D:5      | HP: 12/49 [Duvessa/+0 short sword (3)]
  5315 | D:5      | Slain by Duvessa

Levels and vault maps discovered:
D:1:      dpeg_arrival_three_bigger_balls, layout_loops_ring
D:2:      layout_rooms, basic_altar, shapermc_ecumenical_altar_starsandcircs
D:3:      layout_basic, minmay_misc_feat_hallway, minmay_misc_feat_nine_boxes
D:4:      layout_basic, kiku_gazebo_garden_becter, serial_bayou,
          serial_bayou_lagoon_a, serial_bayou_pond_e, serial_bayou_ford_a,
          serial_bayou_lagoon_b, serial_bayou_lake_a, serial_bayou_pond_d,
          enter_ossuary_5
D:5:      layout_cave_pools, kennysheep_mini,
          chequers_temple_overflow_minitemple, minmay_temple_entry_crystal_x,
          uniq_eustachio, uniq_menkaure, uniq_duvessa
Temple:   nicolae_temple_bog_church

Skill      XL: |  1  2  3  4  5  6  7  8 |
---------------+-------------------------+-----
Axes           | 2 3 4 5 6 7 |  7.4
Fighting       | 4 5 |  5.1
Armour         | 4 |  4.7
Dodging        | 1 |  1.5
Throwing       | 1 |  1.8
Shields        | |  3.2

Action                   |  1- 3 |  4- 6 |  7- 9 || total
-------------------------+-------+-------+-------++-------
Melee: War axe           |   117 |   148 |    96 ||   361
Throw: Boomerang         |       |    13 |    14 ||    27
  Use: Scroll            |     7 |     3 |       ||    10
       Potion            |     1 |     1 |       ||     2
Armor: Scale mail        |    43 |       |       ||    43
       Plate armour      |    10 |   109 |    92 ||   211
Dodge: Dodged            |    47 |    25 |    23 ||    95
Block: Buckler           |    20 |    21 |    16 ||    57

Table legend:
 A = Non-vault XP
 B = Vault XP
 C = Vault XP percentage of total XP
 D = Non-vault monster count
 E = Vault monster count
 F = Vault count percentage of total count
                 A         B        C        D         E       F
            +---------+---------+-------+---------+---------+-------
      Total |    1624 |      69 |   4.1 |     101 |       1 |   1.0
            +---------+---------+-------+---------+---------+-------
        D:1 |      47 |       0 |   0.0 |      28 |       0 |   0.0
        D:2 |      18 |       0 |   0.0 |       9 |       0 |   0.0
        D:3 |     322 |       0 |   0.0 |      23 |       0 |   0.0
        D:4 |     338 |       0 |   0.0 |      23 |       0 |   0.0
        D:5 |     899 |      69 |   7.1 |      18 |       1 |   5.3
            +---------+---------+-------+---------+---------+-------
